BSA
BAFFIN ISLAND BEAVERS @ KANSAS CITY KINGS
08/16/2027
 
TOP OF THE 1ST
Baffin Island Beavers batting - Pitching for Kansas City Kings : LHP Francisco Morales
Pitching: LHP Francisco Morales
Batting: LHB Chris Bates 0-0: Ball
1-0: Ball
2-0: Swinging Strike
2-1: Ball
3-1: Called Strike
3-2: Strikes out swinging
Batting: SHB Alonso Ferreira 0-0: Called Strike
0-1: Foul Ball, location: 2F
0-2: Ball
1-2: Foul Ball, location: 2F
1-2: Foul Ball, location: 2F
1-2: Ball
2-2: Ball
3-2: Ground out 4-3 (Groundball, 4S)
Batting: LHB Lorenzo Villa 0-0: Swinging Strike
0-1: Ball
1-1: Ball
2-1: Foul Ball, location: 2F
2-2: Strikes out swinging
Top of the 1st over - 0 run(s), 0 hit(s), 0 error(s), 0 left on base; Baffin Island 0 - Kansas City 0
BOTTOM OF THE 1ST
Kansas City Kings batting - Pitching for Baffin Island Beavers : RHP Jesse Little
Pitching: RHP Jesse Little
Batting: RHB Chris Chandler 0-0: Called Strike
0-1: Ball
1-1: Called Strike
1-2: Fly out, F8 (Flyball, 8RD)
Batting: LHB Luis González 0-0: Ball
1-0: Ball
2-0: Ball
3-0: Called Strike
3-1: Base on Balls
Batting: RHB Dave Parker 0-0: Ball
1-0: Fly out, F9 (Flyball, 9LSF)
Batting: RHB Toshimichi Kono 0-0: Ball
1-0: Fly out, F5 (Popup, 5D)
Bottom of the 1st over - 0 run(s), 0 hit(s), 0 error(s), 1 left on base; Baffin Island 0 - Kansas City 0
TOP OF THE 2ND
Baffin Island Beavers batting - Pitching for Kansas City Kings : LHP Francisco Morales
Batting: RHB Tony Morton 0-0: Ball
1-0: Foul Ball, location: 2F
1-1: Foul Ball, location: 2F
1-2: Ball
2-2: Foul Ball, location: 2F
2-2: Fly out, F8 (Flyball, 8LD)
Batting: RHB Dave Craig 0-0: Ball
1-0: Called Strike
1-1: Foul Ball, location: 2F
1-2: Foul Ball, location: 2F
1-2: Ball
2-2: Foul Ball, location: 2F
2-2: SINGLE (Groundball, 34D)
Batting: RHB Raúl Soto 0-0: DOUBLE (Line Drive, 89D)
Dave Craig to third
Runner from 3rd tries for Home, throw and OUT!
Batting: RHB Murdoch Norton 0-0: Ball
1-0: Foul Ball, location: 2F
1-1: Ball
2-1: Foul Ball, location: 2F
2-2: Ground out 5-3 (Groundball, 56)
Top of the 2nd over - 0 run(s), 2 hit(s), 0 error(s), 1 left on base; Baffin Island 0 - Kansas City 0
BOTTOM OF THE 2ND
Kansas City Kings batting - Pitching for Baffin Island Beavers : RHP Jesse Little
Batting: LHB Ron Crawford 0-0: Called Strike
0-1: Foul Ball, location: 2F
0-2: Fly out, F9 (Flyball, 89M)
Batting: SHB Douglas Taylor 0-0: Ball
1-0: Called Strike
1-1: Foul Ball, location: 2F
1-2: Strikes out swinging
Batting: LHB Howard Lambert 0-0: DOUBLE (Line Drive, 9LS)
Batting: RHB Ronald Parsons 0-0: Ball
1-0: Swinging Strike
1-1: Foul Ball, location: 2F
1-2: Ball
2-2: Ball
3-2: Foul Ball, location: 2F
3-2: Foul Ball, location: 2F
3-2: Strikes out swinging
Bottom of the 2nd over - 0 run(s), 1 hit(s), 0 error(s), 1 left on base; Baffin Island 0 - Kansas City 0
TOP OF THE 3RD
Baffin Island Beavers batting - Pitching for Kansas City Kings : LHP Francisco Morales
Batting: LHB Norberto Muńóz 0-0: Ball
1-0: Ground out 4-3 (Groundball, 4)
Batting: LHB Howard Evans 0-0: Called Strike
0-1: Called Strike
0-2: Foul Ball, location: 2F
0-2: Ball
1-2: Ground out 5-3 (Groundball, 25)
Batting: LHB Chris Bates 0-0: Ball
1-0: Foul Ball, location: 2F
1-1: Called Strike
1-2: SINGLE (Groundball, 6MD)
Batting: SHB Alonso Ferreira 0-0: Called Strike
Chris Bates is caught stealing 2nd base
Top of the 3rd over - 0 run(s), 1 hit(s), 0 error(s), 0 left on base; Baffin Island 0 - Kansas City 0
BOTTOM OF THE 3RD
Kansas City Kings batting - Pitching for Baffin Island Beavers : RHP Jesse Little
Batting: LHB Bruno Lalonde 0-0: Ball
1-0: Ball
2-0: Foul Ball, location: 2F
2-1: Ground out 4-3 (Groundball, 4S)
Batting: RHB Chris Chandler 0-0: Ball
1-0: Swinging Strike
1-1: Foul Ball, location: 2F
1-2: DOUBLE (Groundball, 5L)
Batting: LHB Luis González 0-0: Ball
1-0: Called Strike
1-1: Foul Ball, location: 2F
1-2: Ball
2-2: Ball
3-2: Base on Balls
Batting: RHB Dave Parker 0-0: Ball
1-0: Called Strike
1-1: Ball
2-1: SINGLE (Flyball, 89S)
Chris Chandler to third
Luis González to second
Runner from 3rd tries for Home, SAFE, throw made at trailing runner, SAFE at third!
Batting: RHB Toshimichi Kono 0-0: Foul Ball, location: 2F
0-1: Ball
1-1: Ball
2-1: 3-RUN HOME RUN (Flyball, 7D), Distance : 376 ft
Batting: LHB Ron Crawford 0-0: Ball
1-0: Foul Ball, location: 2F
1-1: Fly out, F7 (Flyball, 7LS)
Batting: SHB Douglas Taylor 0-0: Called Strike
0-1: Ball
1-1: Foul Ball, location: 2F
1-2: Strikes out swinging
Bottom of the 3rd over - 4 run(s), 3 hit(s), 0 error(s), 0 left on base; Baffin Island 0 - Kansas City 4
TOP OF THE 4TH
Baffin Island Beavers batting - Pitching for Kansas City Kings : LHP Francisco Morales
Batting: SHB Alonso Ferreira 0-0: Swinging Strike
0-1: Fly out, F9 (Flyball, 89D)
Batting: LHB Lorenzo Villa 0-0: Ball
1-0: Called Strike
1-1: DOUBLE (Line Drive, 78XD)
Batting: RHB Tony Morton 0-0: Called Strike
0-1: Foul Ball, location: 2F
0-2: Foul Ball, location: 2F
0-2: Ball
1-2: 2-RUN HOME RUN (Flyball, 8RXD), Distance : 387 ft
Batting: RHB Dave Craig 0-0: Called Strike
0-1: Ball
1-1: Foul Ball, location: 2F
1-2: Foul Ball, location: 2F
1-2: Ball
2-2: Ball
3-2: Foul Ball, location: 2F
3-2: Foul Ball, location: 2F
3-2: Base on Balls
Batting: RHB Raúl Soto 0-0: Ball
1-0: Swinging Strike
1-1: Reached on error, E5 (Groundball, 56)
Dave Craig to second
Batting: RHB Murdoch Norton 0-0: Foul Ball, location: 2F
0-1: Grounds into double play, 6-4-3 (Groundball, 6)
Top of the 4th over - 2 run(s), 2 hit(s), 1 error(s), 1 left on base; Baffin Island 2 - Kansas City 4
BOTTOM OF THE 4TH
Kansas City Kings batting - Pitching for Baffin Island Beavers : RHP Jesse Little
Batting: LHB Howard Lambert 0-0: Ball
1-0: Foul Ball, location: 2F
1-1: Foul Ball, location: 2F
1-2: Ground out 6-3 (Groundball, 6MS)
Batting: RHB Ronald Parsons 0-0: Foul Ball, location: 2F
0-1: Called Strike
0-2: Strikes out swinging
Batting: LHB Bruno Lalonde 0-0: Fly out, F8 (Flyball, 8LM)
Bottom of the 4th over - 0 run(s), 0 hit(s), 0 error(s), 0 left on base; Baffin Island 2 - Kansas City 4
TOP OF THE 5TH
Baffin Island Beavers batting - Pitching for Kansas City Kings : LHP Francisco Morales
Batting: LHB Norberto Muńóz 0-0: Ball
1-0: Called Strike
1-1: Ball
2-1: Foul Ball, location: 2F
2-2: Ball
3-2: SINGLE (Line Drive, 89M)
Batting: LHB Howard Evans 0-0: Called Strike
0-1: Called Strike
0-2: Ball
Norberto Muńóz steals 2nd base
1-2: Ball
2-2: Strikes out swinging
Batting: LHB Chris Bates 0-0: Ball
1-0: Called Strike
1-1: Fly out, F8 (Flyball, 8RS)
Batting: SHB Alonso Ferreira 0-0: Foul Ball, location: 2F
0-1: Ball
1-1: Foul Ball, location: 2F
1-2: Foul Ball, location: 2F
1-2: Ball
2-2: Foul Ball, location: 2F
2-2: Foul Ball, location: 2F
2-2: Ball
3-2: Base on Balls
Batting: LHB Lorenzo Villa 0-0: Swinging Strike
0-1: Ball
1-1: Ball
2-1: Fielders Choice at 2nd, 4-6 (Groundball, 4)
Top of the 5th over - 0 run(s), 1 hit(s), 0 error(s), 1 left on base; Baffin Island 2 - Kansas City 4
BOTTOM OF THE 5TH
Kansas City Kings batting - Pitching for Baffin Island Beavers : RHP Jesse Little
Batting: RHB Chris Chandler 0-0: Foul Ball, location: 2F
0-1: Ball
1-1: Ball
2-1: Fly out, F7 (Line Drive, 7LM)
Batting: LHB Luis González 0-0: Foul Ball, location: 2F
0-1: Ball
1-1: Swinging Strike
1-2: Ball
2-2: Ball
3-2: Base on Balls
Batting: RHB Dave Parker 0-0: Called Strike
0-1: Foul Ball, location: 2F
0-2: Fly out, F9 (Flyball, 9)
Batting: RHB Toshimichi Kono 0-0: Swinging Strike
0-1: Swinging Strike
0-2: Ball
1-2: Ball
2-2: Foul Ball, location: 2F
2-2: 2-RUN HOME RUN (Flyball, 78D), Distance : 384 ft
Pitching: RHP Felipe Reyes
Batting: LHB Ron Crawford 0-0: Called Strike
0-1: Hit by Pitch
Batting: SHB Douglas Taylor 0-0: Called Strike
Ron Crawford steals 2nd base
0-1: Ball
1-1: Ball
2-1: SINGLE (Groundball, 34) (infield hit)
Ron Crawford to third
Batting: LHB Howard Lambert 0-0: Ball
1-0: Called Strike
1-1: Fly out, F8 (Flyball, 8LS)
Bottom of the 5th over - 2 run(s), 2 hit(s), 0 error(s), 2 left on base; Baffin Island 2 - Kansas City 6
TOP OF THE 6TH
Baffin Island Beavers batting - Pitching for Kansas City Kings : LHP Francisco Morales
Pitching: RHP Nariaki Tanaka
Batting: RHB Tony Morton 0-0: Fly out, F9 (Flyball, 9LM)
Batting: RHB Dave Craig 0-0: Ball
1-0: Called Strike
1-1: Fly out, F5 (Popup, 5S)
Batting: RHB Raúl Soto 0-0: Ball
1-0: Ball
2-0: Ball
3-0: Called Strike
3-1: Called Strike
3-2: Strikes out swinging
Top of the 6th over - 0 run(s), 0 hit(s), 0 error(s), 0 left on base; Baffin Island 2 - Kansas City 6
BOTTOM OF THE 6TH
Kansas City Kings batting - Pitching for Baffin Island Beavers : RHP Felipe Reyes
Batting: RHB Ronald Parsons 0-0: Ball
1-0: Ball
2-0: SINGLE (Groundball, 56D)
Batting: LHB Bruno Lalonde 0-0: Ball
1-0: Foul Ball, location: 2F
1-1: Swinging Strike
1-2: Strikes out looking
Batting: RHB Chris Chandler 0-0: Ball
1-0: Ball
2-0: Ball
3-0: Base on Balls
Ronald Parsons to second
Pitching: RHP António Ramos
Batting: LHB Luis González 0-0: Ball
1-0: Ball
2-0: Ball
3-0: Called Strike
3-1: Base on Balls
Ronald Parsons to third
Chris Chandler to second
Batting: RHB Dave Parker 0-0: Called Strike
0-1: Fly out, F9 (Line Drive, 9LM)
Runner from 3rd tags up, SCORES, no throw
Batting: RHB Toshimichi Kono 0-0: Ball
1-0: Ball
2-0: Ball
3-0: Base on Balls
Chris Chandler to third
Luis González to second
Batting: LHB Ron Crawford 0-0: Called Strike
0-1: Fielders Choice at 2nd, 4-6 (Groundball, 4)
Bottom of the 6th over - 1 run(s), 1 hit(s), 0 error(s), 2 left on base; Baffin Island 2 - Kansas City 7
TOP OF THE 7TH
Baffin Island Beavers batting - Pitching for Kansas City Kings : RHP Nariaki Tanaka
Batting: RHB Murdoch Norton 0-0: Called Strike
0-1: Called Strike
0-2: Ball
1-2: Strikes out looking
Batting: LHB Norberto Muńóz 0-0: Swinging Strike
0-1: DOUBLE (Flyball, 7LM)
Batting: LHB Howard Evans 0-0: Ball
1-0: Called Strike
1-1: Ball
2-1: Ball
3-1: SINGLE (Groundball, 6MD)
Norberto Muńóz to third
Runner from 3rd tries for Home, SAFE, throw made home
Howard Evans to second
Batting: LHB Chris Bates 0-0: Foul Ball, location: 2F
0-1: Swinging Strike
0-2: Ball
1-2: Ball
2-2: Foul Ball, location: 2F
2-2: Foul Ball, location: 2F
2-2: Foul Ball, location: 2F
2-2: Ball
3-2: SINGLE (Flyball, 4MD)
Howard Evans to third
Batting: SHB Alonso Ferreira 0-0: Ball
1-0: Called Strike
1-1: Called Strike
1-2: Fly out, F8 (Flyball, 8LD)
Runner from 3rd tags up, SCORES, no throw
Pitching: RHP Mike Hodges
Batting: LHB Lorenzo Villa 0-0: Fly out, F9 (Flyball, 9)
Top of the 7th over - 2 run(s), 3 hit(s), 0 error(s), 1 left on base; Baffin Island 4 - Kansas City 7
BOTTOM OF THE 7TH
Kansas City Kings batting - Pitching for Baffin Island Beavers : RHP António Ramos
Batting: SHB Douglas Taylor 0-0: Foul Ball, location: 2F
0-1: Ball
1-1: Swinging Strike
1-2: Ground out 3-1 (Groundball, 34S)
Batting: LHB Howard Lambert 0-0: Ball
1-0: Swinging Strike
1-1: Ball
2-1: Foul Ball, location: 2F
2-2: Strikes out swinging
Batting: RHB Ronald Parsons 0-0: Ground out 4-3 (Groundball, 4)
Bottom of the 7th over - 0 run(s), 0 hit(s), 0 error(s), 0 left on base; Baffin Island 4 - Kansas City 7
TOP OF THE 8TH
Baffin Island Beavers batting - Pitching for Kansas City Kings : RHP Mike Hodges
Batting: RHB Tony Morton 0-0: Ball
1-0: Foul Ball, location: 2F
1-1: Fly out, F4 (Line Drive, 4D)
Batting: RHB Dave Craig 0-0: Foul Ball, location: 2F
0-1: Foul Ball, location: 2F
0-2: Ball
1-2: SINGLE (Groundball, 34D)
Batting: RHB Raúl Soto 0-0: Ball
1-0: Ball
2-0: Fly out, F7 (Flyball, 78M)
Batting: RHB Murdoch Norton 0-0: Ball
1-0: Foul Ball, location: 2F
1-1: Ball
2-1: Ball
3-1: Base on Balls
Dave Craig to second
Pitching: LHP Ignacio Colón
Batting: LHB Norberto Muńóz 0-0: Ground out U3 (Groundball, 34)
Top of the 8th over - 0 run(s), 1 hit(s), 0 error(s), 2 left on base; Baffin Island 4 - Kansas City 7
BOTTOM OF THE 8TH
Kansas City Kings batting - Pitching for Baffin Island Beavers : RHP António Ramos
Pitching: RHP Luis Féliz
Batting: LHB Bruno Lalonde 0-0: Swinging Strike
0-1: Swinging Strike
0-2: Strikes out swinging
Batting: RHB Chris Chandler 0-0: Foul Ball, location: 2F
0-1: Ball
1-1: Foul Ball, location: 2F
1-2: Ball
2-2: Ball
3-2: Base on Balls
Batting: LHB Luis González 0-0: Ball
1-0: Called Strike
1-1: Swinging Strike
1-2: Ball
2-2: Strikes out swinging
Batting: RHB Dave Parker 0-0: Called Strike
0-1: Ball
1-1: Ball
2-1: Fly out, F9 (Flyball, 9D)
Bottom of the 8th over - 0 run(s), 0 hit(s), 0 error(s), 1 left on base; Baffin Island 4 - Kansas City 7
TOP OF THE 9TH
Baffin Island Beavers batting - Pitching for Kansas City Kings : LHP Ignacio Colón
Pitching: RHP Alberto Bonilla
Batting: LHB Howard Evans 0-0: Ball
1-0: Ball
2-0: Foul Ball, location: 2F
2-1: Foul Ball, location: 2F
2-2: Ball
3-2: Strikes out swinging
Batting: LHB Chris Bates 0-0: SINGLE (Groundball, 56D)
Batting: SHB Alonso Ferreira 0-0: Swinging Strike
0-1: Ball
1-1: Called Strike
1-2: Fly out, F8 (Flyball, 8LM)
Batting: LHB Lorenzo Villa 0-0: Ball
1-0: 2-RUN HOME RUN (Flyball, 89XD), Distance : 436 ft
Batting: RHB Tony Morton 0-0: Foul Ball, location: 2F
0-1: Foul Ball, location: 2F
0-2: Foul Ball, location: 2F
0-2: Ball
1-2: Ball
2-2: Ball
3-2: Strikes out swinging
Top of the 9th over - 2 run(s), 2 hit(s), 0 error(s), 0 left on base; Baffin Island 6 - Kansas City 7
Thursday, March 30th, 2017 - OOTP Baseball 17.12 Build 75